 Dungeon Crawl Stone Soup version 0.31-a0-728-g01b46875f1 (webtiles) character file.

Game seed: 10478642497667943520

1662 inmateoo the Chopper (level 8, -3/70 HPs)
             Began as a Minotaur Fighter on Sept 11, 2023.
             Was an Elder of Okawaru.
             Slain by a two-headed ogre
             ... wielding a +0 giant club
              (10 damage)
             ... on level 6 of the Dungeon.
             The game lasted 00:03:47 (4612 turns).

inmateoo the Chopper (Minotaur Fighter)             Turns: 4612, Time: 00:03:47

Health: -3/70      AC: 17    Str: 20    XL:     8   Next: 69%
Magic:  9/9        EV:  7    Int:  5    God:    Okawaru [****..]
Gold:   258        SH:  5    Dex: 13    Spells: 7/7 levels left

rFire   . . .        i - +5 broad axe of Trauma {drain, rCorr}
rCold   . . .        c - +0 buckler
rNeg    . . .        l - +1 plate armour
rPois   .            (helmet restricted)
rElec   .            (no cloak)
rCorr   +            (no gloves)
SInv    .            (no boots)
Will    .....        (no amulet) Stlth
                     b - +4 ring of protection
HPRegen 0.31/turn    u - +4 ring of slaying
MPRegen 0.11/turn

%: no passive effects
@: no status effects
A: horns 2, retaliatory headbutt
a: Renounce Religion, Heroism, Finesse


You were on level 6 of the Dungeon.
You worshipped Okawaru.
Okawaru was greatly pleased with you.
You visited 1 branch of the dungeon, and saw 6 of its levels.

You collected 258 gold pieces.

Inventory:

Hand Weapons
 i - the +5 broad axe of Trauma (weapon) {drain, rCorr}
   (You acquired it on level 5 of the Dungeon)

   rCorr:     It protects you from acid and corrosion.
Armour
 c - a +0 buckler (worn)
 l - a +1 plate armour (worn)
Jewellery
 b - a +4 ring of protection (left hand)
 u - a +4 ring of slaying (right hand)
Wands
 p - a wand of mindburst (15)
 q - a wand of digging (2)
 r - a wand of flame (26)
Scrolls
 a - 2 scrolls of identify
 e - 2 scrolls of teleportation
 m - 2 scrolls of enchant armour
Potions
 d - 3 potions of might
 f - a potion of curing
 g - 2 potions of brilliance
 h - 2 potions of haste
 j - a potion of resistance {unknown}
 k - a potion of lignification {unknown}
 o - a potion of cancellation
 s - a potion of attraction


   Skills:
 + Level 6.0 Fighting
 * Level 7.1 Axes
 + Level 5.9 Armour
 + Level 4.0 Dodging
 + Level 5.8 Shields
 + Level 3.4 Invocations
 + Level 2.6 Shapeshifting


You had 7 spell levels left.
You didn't know any spells.
Your spell library contained the following spells:

 Spells                   Type           Power      Damage    Failure   Level
 Magic Dart               Conj           0%         1d3       100%        1
 Searing Ray              Conj           0%         2d4       100%        2
 Wereblood                Tmut           0%         N/A       100%        2
 Hailstorm                Conj/Ice       0%         3d3       100%        3
 Stone Arrow              Conj/Erth      0%         3d7       100%        3
 Fulminant Prism          Conj/Hex       0%         3d5       100%        4
 Irradiate                Conj/Tmut      0%         3d11      100%        5
 Lehudib's Crystal Spear  Conj/Erth      0%         10d2      100%        8
 Animate Armour           Summ/Erth      Unusable   N/A       N/A         4
 Summon Ice Beast         Ice/Summ       Unusable   N/A       N/A         4
 Simulacrum               Ice/Necr       Unusable   N/A       N/A         6

Dungeon Overview and Level Annotations

Branches:
Dungeon (6/15)             Temple (0/1) D:6

Altars:
Nemelex Xobeh
Okawaru
Ru
Zin

Shops:
D:2 !

Annotations:
D:2 2 transporters


Innate Abilities, Weirdness & Mutations

You have a pair of horns on your head.
You reflexively headbutt those who attack you in melee.


Message History

You are engulfed in a cloud of scalding steam.
The steam dragon bites you but does no damage.
The steam dragon claws you.
You slash the steam dragon!
You headbutt the steam dragon, but do no damage.
The steam dragon is severely wounded.
The steam dragon bites you!
The steam dragon claws you but does no damage.
The steam dragon breathes steam at you.
The ball of steam hits you but does no damage.
You completely miss the steam dragon.
The steam dragon is severely wounded.
You hit the two-headed ogre. You drain the two-headed ogre.
You are engulfed in a cloud of scalding steam.
The two-headed ogre is engulfed in a cloud of scalding steam.
The two-headed ogre hits you with a +0 giant club!
The two-headed ogre hits you with a +0 giant spiked club!
The steam dragon bites you but does no damage.
The steam dragon claws you but does no damage.
You are too injured to fight recklessly!
You hit the steam dragon.
You headbutt the steam dragon, but do no damage.
The steam dragon is almost dead.
You hit the two-headed ogre but do no damage.
The two-headed ogre is engulfed in a cloud of scalding steam.
The two-headed ogre barely misses you.
The two-headed ogre hits you with a +0 giant spiked club!
The steam dragon breathes steam at you. The ball of steam misses you.
You are too injured to fight recklessly!
You slash the steam dragon!
You kill the steam dragon!
Okawaru accepts your kill.
You slash the two-headed ogre! You drain the two-headed ogre.
You are engulfed in a cloud of scalding steam.
* * * LOW HITPOINT WARNING * * *
The two-headed ogre hits you with a +0 giant club!
* * * LOW HITPOINT WARNING * * *
The two-headed ogre hits you with a +0 giant spiked club!
You die...

.. ... .....#.....# . ...
....#.. #... #.#.#
#...#....###.. ##.#.#
.#...#...#.#.#. .....
...........#...
#.#.####.##.##..#..#..#
#.#.............#....##
#.....O................
###.#.@............####
#.#.#####.###.#..#### #.#.#
#.# #.#...... #.#.# #.#
#.##.#### #.#.# #.#
#........ #.#.# #.#
####.####
#.####.#.#####.###........
....................#######
#########.#####.#####


You could see a two-headed ogre (drained).

Vanquished Creatures
  The ghost of sanka2 the Martial Artist, a novice OpWr (D:5)
  Sigmund (D:4)
  A steam dragon (D:6)
  An ice beast (D:5)
  A black bear (D:5)
  2 ogres
  A centaur (D:5)
  A kobold brigand (D:6)
  A phantom (D:6)
  A howler monkey (D:5)
  3 hounds
  An orc priest (D:2)
  2 jellies
  2 sleepcaps
  Ijyb (D:4)
  A gnoll bouda (D:5)
  2 iguanas
  3 orc wizards
  6 adders
  3 gnolls
  2 ufetubi (D:5)
  4 worms
  3 dart slugs
  15 orcs
  9 ball pythons
  11 bats
  3 endoplasms
  3 giant cockroaches
  7 goblins
  5 hobgoblins
  7 jackals
  8 kobolds
  6 quokkas
  5 frilled lizards
  9 rats
132 creatures vanquished.

Notes
Turn   | Place    | Note
-------+----------+-------------------------------------------
     0 | D:1      | inmateoo the Minotaur Fighter began the quest for the Orb.
     0 | D:1      | Reached XP level 1. HP: 19/19 MP: 0/0
   146 | D:1      | Reached XP level 2. HP: 23/27 MP: 1/1
   293 | D:1      | Reached skill level 3 in Axes
   743 | D:1      | Reached XP level 3. HP: 33/33 MP: 2/2
   897 | D:2      | Found an iron altar of Okawaru.
   969 | D:2      | Became a worshipper of Warmaster Okawaru
   986 | D:2      | Found a faded altar of an unknown god.
  1016 | D:2      | Found a transporter.
  1016 | D:2      | Found Vaizolao's Distillery.
  1116 | D:2      | Reached skill level 1 in Dodging
  1339 | D:2      | Found a transporter.
  1469 | D:3      | Reached XP level 4. HP: 37/40 MP: 3/3
  1488 | D:3      | Reached skill level 1 in Invocations
  1611 | D:2      | Reached skill level 4 in Axes
  1611 | D:2      | Reached XP level 5. HP: 26/46 MP: 4/4
  1869 | D:3      | Found a sparkling altar of Nemelex Xobeh.
  2121 | D:4      | Noticed Sigmund
  2124 | D:4      | Reached skill level 1 in Shapeshifting
  2133 | D:4      | Killed Sigmund
  2133 | D:4      | Reached * piety under Okawaru
  2134 | D:4      | Reached XP level 6. HP: 37/53 MP: 4/6
  2423 | D:4      | Reached skill level 5 in Axes
  2935 | D:5      | Entered Level 5 of the Dungeon
  2945 | D:5      | Noticed an ice beast
  2958 | D:5      | Killed an ice beast
  2958 | D:5      | Reached ** piety under Okawaru
  2959 | D:5      | Reached XP level 7. HP: 48/60 MP: 7/7
  3000 | D:5      | Noticed Ijyb
  3016 | D:4      | Reached skill level 5 in Fighting
  3069 | D:4      | Killed Ijyb
  3070 | D:4      | Reached skill level 5 in Armour
  3083 | D:5      | Reached skill level 5 in Shields
  3303 | D:5      | Reached *** piety under Okawaru
  3304 | D:5      | Reached skill level 6 in Axes
  3354 | D:5      | Reached XP level 8. HP: 41/69 MP: 9/9
  3678 | D:5      | Found a runed translucent door.
  3681 | D:5      | Noticed sanka2's ghost (novice OpWr)
  3788 | D:5      | Found a glowing silver altar of Zin.
  3788 | D:5      | Noticed an angel
  4032 | D:5      | Killed sanka2's ghost
  4147 | D:5      | Identified a scroll of acquirement
  4147 | D:5      | Acquired the +5 broad axe of Trauma {drain, rCorr}
  4324 | D:6      | Reached skill level 7 in Axes
  4346 | D:6      | Reached **** piety under Okawaru
  4364 | D:6      | Found a sacrificial altar of Ru.
  4549 | D:6      | Found a staircase to the Ecumenical Temple.
  4605 | D:6      | Noticed a two-headed ogre
  4612 | D:6      | Slain by a two-headed ogre

Illustrated notes

Levels and vault maps discovered:
D:1:      dpeg_arrival_orchard, layout_loops_corners
D:2:      layout_loops_cross, serial_shops, nicolae_shop_drivethru, basic_altar,
          shapermc_ecumenical_altar_mp_highgroup
D:3:      layout_rooms, nemelex_diamond_rough_becter
D:4:      layout_loops_corners, chequers_mini_garden, grunt_ministairs_3,
          uniq_sigmund
D:5:      layout_basic, zin_angel, hellmonk_ghost_happy_afterlife, minmay_bent,
          uniq_ijyb
D:6:      layout_basic, nicolae_ru_great_annihilating_truth,
          mainiacjoe_overflow_alcove_4, kennysheep_little_box,
          minmay_temple_entry_arrows

Skill      XL: |  1  2  3  4  5  6  7  8 |
---------------+-------------------------+-----
Axes           | 3 4 5 6 7 |  7.1
Armour         | 4 5 |  5.9
Dodging        | 1 2 3 4 |  4.0
Shields        | 4 5 |  5.8
Fighting       | 4 5 6 |  6.0
Invocations    | 1 2 3 |  3.4
Shapeshifting  | 1 2 |  2.6

Action                     |  1- 3 |  4- 6 |  7- 9 || total
---------------------------+-------+-------+-------++-------
  Melee: War axe           |    91 |    96 |    80 ||   267
         Headbutt          |    11 |    22 |    23 ||    56
         Broad axe         |       |       |    29 ||    29
    Use: Potion            |       |     2 |       ||     2
         Scroll            |       |       |    13 ||    13
   Stab: Paralysed         |       |       |     1 ||     1
 Armour: Scale mail        |    74 |    46 |       ||   120
         Plate armour      |       |    44 |   166 ||   210
  Dodge: Dodged            |    47 |    43 |    44 ||   134
  Block: Buckler           |    21 |    24 |    25 ||    70

Table legend: (Time is in decaauts)
 A = Elapsed time spent in this place.
 B = Non-inter-level travel time spent in this place.
 C = Inter-level travel time spent in this place.
 D = Time resting spent in this place.
 E = Time spent auto-exploring this place.
 F = Levels seen in this place.
 G = Mean time per level.
                   A        B        C        D        E       F      G
               +--------+--------+--------+--------+--------+-----+--------+
         Total |   4710 |   4563 |    147 |    671 |   2984 |   6 |  785.0 |
       Dungeon |   4710 |   4563 |    147 |    671 |   2984 |   6 |  785.0 |
               +--------+--------+--------+--------+--------+-----+--------+

Top non-repeatable levels by time:
     D:5: 1184 daAuts
     D:4: 1022 daAuts
     D:1: 858 daAuts
     D:2: 781 daAuts
     D:6: 461 daAuts
     D:3: 401 daAuts
